 Dungeon Crawl Stone Soup version 0.31-a0-1008-g5b978dac0e (webtiles) character file.

Game seed: 12775284898253095710

119 Queen the Grave Robber (level 4, -2/24 HPs)
             Began as a Deep Elf Necromancer on Nov 13, 2023.
             Succumbed to Sigmund's poison
             ... on level 3 of the Dungeon.
             The game lasted 00:15:19 (2934 turns).

Queen the Grave Robber (Deep Elf Necromancer)       Turns: 2934, Time: 00:15:20

Health: -2/24      AC:  6    Str: 11    XL:     4   Next: 73%
Magic:  12/12      EV: 13    Int: 22    God:
Gold:   219        SH:  0    Dex: 15    Spells: 1/11 levels left

rFire   . . .        e - staff of air
rCold   . . .        (no shield)
rNeg    . . .        a - +0 robe
rPois   .            i - +2 helmet
rElec   +            (no cloak)
rCorr   .            h - +0 pair of gloves
SInv    .            (no boots)
Will    .....        (no amulet)
Stlth   +            l - +6 ring of strength
HPRegen 0.24/turn    (no ring)
MPRegen 0.13/turn

%: no passive effects
@: confused, lethally poisoned (-2 -> -19), attractive
A: no striking features
a: no special abilities


You were on level 3 of the Dungeon.
You visited 1 branch of the dungeon, and saw 3 of its levels.

You collected 219 gold pieces.

Inventory:

Armour
 a - a +0 robe (worn)
 h - a +0 pair of gloves (worn)
 i - a +2 helmet (worn)
Magical Staves
 e - a staff of air (weapon)
Jewellery
 l - a +6 ring of strength (left hand)
Scrolls
 c - 2 scrolls of fog {unknown}
 f - 3 scrolls of torment {unknown}
 m - 2 scrolls of poison {unknown}
 n - 2 scrolls of vulnerability {unknown}
 o - a scroll of enchant armour {unknown}
 p - a scroll of noise {unknown}
 q - a scroll of teleportation
 s - a scroll of amnesia {unknown}
Potions
 b - 2 potions of magic
 d - a potion of mutation
 g - a potion of attraction
 j - a potion of brilliance {unknown}
 k - a potion of curing {unknown}
 r - a potion of heal wounds {unknown}


   Skills:
 + Level 3.5 Dodging
 + Level 3.9 Stealth
 + Level 4.3 Spellcasting
 + Level 5.5 Necromancy


You had one spell level left.
You knew the following spells:

 Your Spells              Type           Power      Damage    Failure   Level
a - Necrotise             Necr           100%       1d9       1%          1
b - Vampiric Draining     Necr           29%        2d8       3%          3
c - Animate Dead          Necr           29%        N/A       11%         4
d - Blink                 Tloc           8%         N/A       17%         2

Your spell library contained the following spells:

 Spells                   Type           Power      Damage    Failure   Level
 Ensorcelled Hibernation  Hex/Ice        8%         N/A       17%         2
 Jinxbite                 Hex            8%         N/A       17%         2
 Lesser Beckoning         Tloc           8%         N/A       17%         2
 Momentum Strike          Conj/Tloc      8%         3d8       17%         2
 Passwall                 Tmut/Erth      3%         N/A       17%         2
 Agony                    Necr           29%        N/A       30%         5
 Swiftness                Air            7%         N/A       32%         3
 Anguish                  Hex/Necr       8%         N/A       34%         4
 Iskenderun's Battlesphe  Conj           4%         2d6       97%         5
 Bombard                  Conj/Erth      2%         9d1       100%        6
 Spellforged Servitor     Conj/Summ      2%         N/A       100%        7


Dungeon Overview and Level Annotations

Branches:
Dungeon (3/15)

Altars:
Okawaru

Annotations:
D:2 exclusion: downstairs
D:3 Grinder, Sigmund


Message History

Press: ? - help, . - travel You can't see that place. [a faded altar of an unknown god.] HP restored.
There is an open door here.
Found an iron altar of Okawaru.
There is a faded altar of an unknown god here.
This altar belongs to (a) Dithmenos, (b) Sif Muna or (c) Uskayaw, but you can't tell which.
Press the corresponding letter to learn more about a god, or press enter to convert or escape to cancel.
Okay, then.
Found a stone staircase leading down.
There is an open door here.
Sigmund shouts!
Sigmund mumbles some strange words.
Sigmund flickers and vanishes!
Deactivating autopickup; reactivate with Ctrl-A.
Aiming: Necrotise (safe; 1% risk of failure)
Press: ? - help, Q - select action, (/) - cycle Shift-Dir - straight line, f - you
Okay, then.
Things that are here:
a stone; a +0 short sword You are confused.
You hear some strange, mumbled words.
You are more confused.
You bump into the rock wall.
A magic dart appears from out of thin air!
The magic dart hits you!
Unknown command.
Something hits you but does no damage.
You are poisoned.
Things that are here:
a stone; a +0 short sword You feel very sick.
Something hits you!
* * * LOW HITPOINT WARNING * * *
You are more poisoned.
* * * LOW HITPOINT WARNING * * *
You feel very sick.
It was a potion of attraction.
You feel attractive to monsters.
You die...

[.#####.#.###...# ########.#####
#.......{..)....# #.....(..#....
.........###....# #........#....
.........###.#### #........#....
.#.............#####........#....
.#...##.#..................##....
........#..................###...
........#####..{....######.###...
........# ####@(.......#.##....
...####.## ######........#.......
##.......# #.....#..>............
.........###.....#.......#.......
...........#.....#...............
.........#.#.....#.........#####.
.........#.#.....#......⌠.##...##
##########...........#...##....8#
###.....#####..##..._..#


There were no monsters in sight!

Vanquished Creatures
  2 orc wizards (D:3)
  2 worms
  A dart slug (D:1)
  8 orcs (D:3)
  An endoplasm (D:2)
  3 giant cockroaches (D:1)
  3 goblins
  6 hobgoblins
  7 jackals (D:1)
  2 kobolds (D:3)
  2 quokkas (D:3)
  4 ball pythons
  3 bats
  5 frilled lizards
  A rat (D:3)
50 creatures vanquished.

Vanquished Creatures (collateral kills)
  A jackal (D:1)
1 creature vanquished.

Grand Total: 51 creatures vanquished

Notes
Turn   | Place    | Note
-------+----------+-------------------------------------------
     0 | D:1      | Queen the Deep Elf Necromancer began the quest for the Orb.
     0 | D:1      | Reached XP level 1. HP: 10/10 MP: 6/6
   147 | D:1      | Reached skill level 5 in Necromancy
   159 | D:1      | Reached XP level 2. HP: 15/15 MP: 5/8
   745 | D:1      | Reached XP level 3. HP: 19/19 MP: 5/10
   749 | D:1      | Learned a level 3 spell: Vampiric Draining
  1882 | D:3      | Noticed Grinder
  1936 | D:3      | Reached XP level 4. HP: 24/24 MP: 9/12
  1993 | D:3      | Learned a level 4 spell: Animate Dead
  1998 | D:3      | Found a faded altar of an unknown god.
  2210 | D:3      | Noticed Sigmund
  2374 | D:3      | Learned a level 2 spell: Blink
  2619 | D:3      | Found a faded altar of an unknown god.
  2891 | D:3      | Found an iron altar of Okawaru.
  2933 | D:3      | HP: 1/24 [poisoned by Sigmund]
  2934 | D:3      | Succumbed to Sigmund's poison

Illustrated notes

Levels and vault maps discovered:
D:1:      dpeg_arrival_water_fire, layout_loops_ring, minmay_tetromino_o2
D:2:      layout_basic, serial_forest, infiniplex_forest_lined_room_3,
          infiniplex_forest_fountain, infiniplex_forest_end_1,
          infiniplex_forest_lined_2, infiniplex_forest_clump_tiny,
          infiniplex_forest_lined_2, infiniplex_forest_lined_3_way,
          patterned_corridor
D:3:      layout_basic, nicolae_overflow_ecumenical_swirl,
          hellmonk_ecumenical_altar_lost_god, uniq_sigmund, uniq_grinder

Skill      XL: |  1  2  3 |
---------------+----------+-----
Necromancy     | 5 |  5.5
Stealth        | 3 |  3.9
Dodging        | 3 |  3.5
Spellcasting   | 4 |  4.3

Action                     |  1- 3 |  4- 6 || total
---------------------------+-------+-------++-------
  Melee: Unarmed           |     8 |     5 ||    13
         Staff             |       |     7 ||     7
   Cast: Necrotise         |    57 |    28 ||    85
         Vampiric Draining |     3 |     3 ||     6
         Animate Dead      |       |     1 ||     1
    Use: Scroll            |       |     3 ||     3
         Potion            |       |     1 ||     1
 Armour: Robe              |     5 |    19 ||    24
  Dodge: Dodged            |     8 |     9 ||    17

Table legend: (Time is in decaauts)
 A = Elapsed time spent in this place.
 B = Non-inter-level travel time spent in this place.
 C = Inter-level travel time spent in this place.
 D = Time resting spent in this place.
 E = Time spent auto-exploring this place.
 F = Levels seen in this place.
 G = Mean time per level.
                   A        B        C        D        E       F      G
               +--------+--------+--------+--------+--------+-----+--------+
         Total |   2936 |   2838 |     98 |    457 |   1628 |   3 |  978.7 |
       Dungeon |   2936 |   2838 |     98 |    457 |   1628 |   3 |  978.7 |
               +--------+--------+--------+--------+--------+-----+--------+

Top non-repeatable levels by time:
     D:3: 1026 daAuts
     D:1: 1004 daAuts
     D:2: 906 daAuts
